Map: Dusty Gorge

Players

PureLegacy - Winner!

  • Race: Terran Terran
  • Spawn Location: 11:00

PROTOStitute - Winner!

  • Race: Protoss Protoss
  • Spawn Location: 9:00

BestKr

  • Race: Protoss Protoss
  • Spawn Location: 3:00

nLghosT

  • Race: Zerg Zerg
  • League: Master
  • Spawn Location: 5:00

VOD

Have the link to the VOD?

Description

Time

  • Played on: Nov. 29, 2018, 3:10 p.m.
  • Length: 10:13
Show
View Real Time Build Order
Export as new Build Order

PureLegacy Terran - Winner!

Build Orders:  

Get SALT Encoding   

  12  0:06  Supply Depot  
  12  0:30  Barracks  
  12  0:34  Barracks  
  12  0:36  Barracks  
  12  0:46  Barracks  
  12  0:58  Barracks  
  12  1:02  Barracks  
  12  1:10  Refinery  
  12  1:17  Reaper  
  13  1:22  Reaper  
  14  1:34  Reaper  
  14  1:35  Reaper  
  16  1:48  Reaper  
  16  1:50  Reaper  
  17  1:56  Reaper  
  16  2:08  Refinery  
  15  2:30  Reaper  
  15  2:33  Orbital Command  
  16  2:39  Reaper  
  17  2:46  Reaper  
  17  2:47  Reaper  
  19  2:55  Reaper  
  21  2:58  Reaper  
  21  3:10  Supply Depot  
  21  3:23  Engineering Bay  
  21  3:31  SCV  
  21  3:32  Supply Depot  
  22  3:38  Reaper  
  23  3:53  Reaper  
  23  3:55  Reaper  
  23  4:14  Terran Infantry Weapons Level 1  
  19  4:24  Reaper  
  20  4:25  Reaper  
  20  4:42  SCV  
  21  4:50  Barracks Tech Lab  
  21  4:55  SCV  
  21  5:01  Marine x5  
  23  5:27  Marine x5  
  23  5:28  Marine  
  27  5:37  Stimpack  
  27  5:38  SCV  
  27  5:39  Missile Turret  
  28  5:45  Marine  
  29  5:50  Supply Depot  
  29  5:54  SCV  
  30  5:59  Marine  
  30  6:00  Missile Turret  
  31  6:11  Marine x4  
  31  6:13  Terran Infantry Armor Level 1  
  31  6:14  SCV  
  31  6:17  Factory  
  36  6:18  Supply Depot  
  36  6:35  SCV  
  36  6:44  Supply Depot  
  36  6:51  Marine  
  37  6:59  Marine x5  
  39  7:02  SCV  
  39  7:09  Marine  
  39  7:10  Starport  
  40  7:17  Marine x4  
  40  7:19  Factory Reactor, SCV  
  40  7:25  Marine  
  40  7:29  Marine  
  41  7:32  SCV  
  41  7:34  Marine  
  41  7:35  Supply Depot, Marine  
  41  7:36  Marine x2  
  46  7:41  Combat Shield  
  46  7:43  Marine  
  47  7:46  SCV  
  48  7:51  Supply Depot  
  48  7:54  Marine x2  
  48  7:55  Marine x3  
  53  7:59  SCV  
  47  8:08  Medivac x2  
  49  8:17  SCV  
  49  8:19  Supply Depot, Marine x5  
  55  8:20  Marauder  
  57  8:38  Medivac x2  
  61  8:42  SCV  
  61  8:46  Supply Depot, Marine x4  
  61  8:47  Marine  
  66  8:49  Marauder  
  66  8:55  SCV  
  69  8:56  Engineering Bay  
  69  8:57  Armory  
  69  9:07  Marine  
  69  9:08  Marine x4  
  74  9:12  SCV  
  74  9:13  Refinery  
  75  9:17  Medivac x2  
  79  9:24  SCV  
  80  9:34  Supply Depot  
  80  9:36  Supply Depot  
  80  9:44  SCV  
Show
View Real Time Build Order
Export as new Build Order

PROTOStitute Protoss - Winner!

Build Orders:  

Get SALT Encoding   

  12  0:13  Assimilator  
  12  0:25  Assimilator  
  12  2:16  Probe  
  13  2:24  Probe  
  14  2:52  Probe  
  12  3:58  Probe  
  12  4:00  Pylon  
  13  4:37  Probe  
  13  4:45  Probe  
  15  4:55  Probe  
  16  6:21  Probe  
  17  6:29  Probe  
  17  6:37  Probe  
  18  6:45  Probe  
  20  6:54  Probe  
  21  7:06  Probe  
  22  9:01  Probe  
Show
View Real Time Build Order
Export as new Build Order

BestKr Protoss 

Build Orders: Cannon Rush 

Get SALT Encoding   

  1  0:00  Probe  
  12  0:06  Probe  
  14  0:21  Pylon  
  14  0:23  Probe  
  15  0:41  Forge  
  15  0:43  Probe  
  16  0:55  Probe  
  17  1:00  Pylon  
  17  1:18  Photon Cannon  
  17  1:20  Photon Cannon  
  17  1:23  Pylon  
  17  1:35  Photon Cannon  
  17  1:42  Photon Cannon  
  17  1:49  Photon Cannon  
  17  2:02  Pylon  
  17  2:09  Photon Cannon  
  17  2:11  Photon Cannon  
  17  2:12  Pylon  
  17  2:19  Photon Cannon  
  17  2:31  Pylon  
  17  2:34  Probe  
  17  2:42  Gateway, Probe  
  18  2:44  Assimilator  
  19  2:54  Photon Cannon  
  19  3:00  Photon Cannon  
  19  3:17  Pylon  
  19  3:21  Pylon  
  19  3:26  Probe  
  18  3:33  Assimilator  
  19  3:38  Photon Cannon  
  19  3:41  Photon Cannon  
  19  3:47  Pylon  
  19  3:50  Probe  
  19  3:59  Probe  
  19  4:03  Photon Cannon  
  19  4:08  Probe  
  20  4:16  Probe  
  22  4:43  Cybernetics Core  
  22  5:00  Pylon  
  22  5:43  Stargate  
  22  6:22  Oracle  
  25  6:37  Assimilator  
  24  6:49  Probe  
  20  6:57  Probe  
  18  7:07  Probe  
  20  7:17  Probe  
  21  7:25  Probe  
  22  7:34  Probe  
  22  7:38  Oracle  
  22  9:11  Oracle  
Show
View Real Time Build Order
Export as new Build Order

nLghosT Zerg 

Build Orders: Pool First, Ravager All-In 

Get SALT Encoding   

  12  0:01  Drone  
  13  0:08  Drone  
  14  0:17  Overlord  
  14  0:23  Extractor  
  14  0:24  Drone  
  15  0:35  Drone x2  
  15  0:42  Extractor  
  16  0:48  Spawning Pool  
  15  0:51  Drone  
  16  0:58  Drone  
  17  1:20  Hatchery  
  17  1:23  Drone  
  17  1:27  Drone  
  19  1:32  Drone  
  19  1:42  Queen  
  21  1:47  Drone  
  22  1:57  Roach Warren  
  21  2:03  Metabolic Boost  
  21  2:08  Drone  
  22  2:15  Overlord  
  22  2:37  Roach x4  
  22  2:44  Drone  
  31  2:47  Queen  
  33  2:52  Overlord  
  33  2:57  Zergling x2  
  34  3:00  Zergling x2  
  34  3:02  Zergling x2  
  34  3:13  Roach x2  
  34  3:16  Ravager  
  34  3:18  Zergling x4  
  41  3:28  Overlord  
  42  3:34  Ravager  
  42  3:37  Zergling x2  
  42  3:38  Zergling x2  
  44  3:42  Overlord  
  44  3:52  Zergling x4  
  44  3:53  Zergling x4  
  48  4:02  Ravager  
  49  4:11  Zergling x12  
  46  4:28  Roach x3  
  48  4:31  Zergling x12  
  43  4:49  Extractor, Ravager x2  
  43  4:52  Drone x2  
  46  4:55  Queen  
  46  4:56  Queen  
  46  4:57  Overlord  
  50  5:00  Ravager  
  49  5:09  Zergling x16  
  41  5:23  Zergling x6  
  35  5:41  Roach x7  
  35  5:42  Roach  
  49  5:50  Queen  
  49  5:51  Roach  
  49  5:52  Roach  
  53  6:12  Ravager x4  
  53  6:18  Ravager  
  58  6:19  Drone  
  58  6:21  Zergling x2  
  58  6:22  Zergling x8  
  62  6:37  Overlord x2  
  62  6:38  Queen  
  62  6:57  Zergling x2  
  62  6:58  Zergling x8  
  63  7:10  Zergling x6  
  63  7:15  Zergling x2  
  59  7:26  Drone x6  
  65  7:40  Lair  
  65  7:41  Drone x3  
  68  7:49  Hatchery  
  68  7:51  Drone x4  
  71  7:59  Drone x4  
  44  8:13  Roach x2  
  46  8:23  Roach x8  
  62  8:34  Ravager  
  62  8:35  Ravager  
  62  8:39  Evolution Chamber  
  63  8:42  Roach  
  63  8:43  Roach x3  
  63  8:44  Ravager x3  
  63  8:45  Ravager  
  75  9:00  Drone x3  
  78  9:12  Overlord x3  
  78  9:13  Roach x4  
  78  9:15  Ravager x4  
  90  9:19  Extractor  
  90  9:21  Baneling Nest, Extractor  
  90  9:23  Drone x3  
  90  9:32  Drone x3, Extractor  
  90  9:36  Drone  
  93  9:40  Zergling x14  
  100  9:49  Roach x2  
Tags
 
Add a new tag
Caveats
  • Supply blocks, unpowered buildings, or Contaminate may cause inaccurate times.
  • Supply counts are checked every 10 seconds.